 Dungeon Crawl Stone Soup version 0.30-a0-137-gd8773701ce (webtiles) character file.

Game seed: 18333322059463694653

3288 ytrimaz the Fighter (level 9, -6/72 HPs)
             Began as a Demonspawn Gladiator on Sept 22, 2022.
             Was a Follower of Hepliaklqana.
             Mangled by a vampire
             ... wielding a +1 vampiric bardiche
              (18 damage)
             ... in a bailey.
             The game lasted 00:07:38 (5881 turns).

ytrimaz the Fighter (Demonspawn Gladiator)          Turns: 5881, Time: 00:07:38

Health: -6/72      AC: 14    Str: 24    XL:     9   Next: 69%
Magic:  9/9        EV: 12    Int:  8    God:    Hepliaklqana [*.....]
Gold:   183        SH:  0    Dex: 19    Spells: 8/8 levels left

rFire   . . .      SeeInvis .    p - +2 hand axe (vorpal)
rCold   + . .      Faith    .    (no shield)
rNeg    . . .      Spirit   .    l - +5 ring mail of Uxixut {Str+6}
rPois   +          Reflect  .    (helmet restricted)
rElec   +          Harm     .    (no cloak)
rCorr   .          Rampage  .    g - +0 pair of gloves
Will    .....                    c - +0 pair of boots
Stlth   +.........               j - amulet of magic regeneration
HPRegen 0.22/turn                m - ring of protection from cold
MPRegen 0.51/turn                E - ring of poison resistance

@: no status effects
A: reduced essence, horns 2, yellow scales 1, demonic guardian 1, spiny 2, agile
1, electricity resistance
a: Renounce Religion, Recall Ancestor, Ancestor Identity


You were in a bailey.
You worshipped Hepliaklqana.
Hepliaklqana was aware of your devotion.
You visited 2 branches of the dungeon, and saw 8 of its levels.
You also visited: Bailey.

You collected 273 gold pieces.
You spent 90 gold pieces at shops.


Innate Abilities, Weirdness & Mutations

Your life essence is reduced to manifest your ancestor. (-10% HP)
You have a pair of horns on your head.
You are partially covered in yellow scales. (AC +2)
A weak demonic guardian rushes to your aid.
You are mostly covered in sharp spines.
You are agile. (Dex +4, Str/Int -1)
You are resistant to electric shocks. (rElec)


   Skills:
 * Level 11.4 Fighting
 + Level 7.7 Axes
 - Level 1.7 Throwing
 - Level 2.6 Dodging


You had 8 spell levels left.
You didn't know any spells.
Your spell library contained the following spells:

 Spells                   Type           Power      Damage    Failure   Level
 Cigotuvi's Dreadful Rot  Necr/Pois/Air  0%         N/A       71%         2
 Poisonous Vapours        Pois/Air       0%         N/A       71%         2
 Confusing Touch          Hex            0%         N/A       90%         3
 Dazzling Flash           Conj/Hex       0%         N/A       90%         3
 Ignite Poison            Fire/Tmut/Pois 0%         N/A       90%         3
 Mephitic Cloud           Conj/Pois/Air  0%         N/A       90%         3
 Portal Projectile        Hex/Tloc       0%         N/A       90%         3
 Tukima's Dance           Hex            0%         N/A       90%         3
 Agony                    Necr           0%         N/A       100%        5
 Blade Hands              Tmut           0%         N/A       100%        5
 Freezing Cloud           Conj/Ice/Air   0%         6-21      100%        5
 Silence                  Hex/Air        0%         N/A       100%        5
 Yara's Violent Unravell  Hex/Tmut       0%         3d3       100%        5
 Enfeeble                 Hex            0%         N/A       100%        7

Inventory:

Hand Weapons
 a - a +1 war axe
 p - a +2 vorpal hand axe (weapon)
   (You took it off an orc on level 3 of the Dungeon)
Missiles
 d - 3 throwing nets (quivered)
 e - a javelin
Armour
 c - a +0 pair of boots (worn)
   (You found it on level 4 of the Dungeon)
 g - a +0 pair of gloves (worn)
   (You found it on level 1 of the Dungeon)
 l - the +5 ring mail of Uxixut (worn) {Str+6}
   (You found it on level 2 of the Dungeon)

   Str:       It affects your strength (+6).
 F - the +1 acid dragon scales "Juor" {Rampage Fly rF+ rCorr MP-9}
   (You found it in a bailey)

   rF:        It protects you from fire.
   MP:        It affects your magic capacity (-9).
   Fly:       It grants you flight.
   rCorr:     It protects you from acid and corrosion.
   Rampage:   It bestows one free step when moving towards enemies.
Jewellery
 j - an amulet of magic regeneration (around neck)
   (You found it on level 1 of the Dungeon)
 m - a ring of protection from cold (left hand)
   (You took it off a kobold on level 2 of the Dungeon)
 r - a +6 ring of intelligence
   (You took it off an orc on level 3 of the Dungeon)
 x - an amulet of reflection
   (You found it on level 4 of the Dungeon)
 E - a ring of poison resistance (right hand)
   (You found it on level 7 of the Dungeon)
Wands
 t - a wand of iceblast (9)
   (You found it on level 3 of the Dungeon)
 v - a wand of charming (10)
   (You found it on level 4 of the Dungeon)
Scrolls
 h - a scroll of teleportation
 q - a scroll of fog
 u - 2 scrolls of fear
 y - 2 scrolls of enchant weapon
 z - a scroll of enchant armour
 D - a scroll of identify
Potions
 b - a potion of brilliance
 f - 3 potions of resistance {unknown}
 i - a potion of ambrosia {unknown}
 k - 3 potions of haste {unknown}
 n - a potion of heal wounds {unknown}
 o - a potion of cancellation {unknown}
 s - 3 potions of curing
 w - a potion of magic {unknown}
 A - a potion of mutation
 B - a potion of lignification {unknown}
 C - a potion of might {unknown}

Dungeon Overview and Level Annotations

Branches:
Dungeon (7/15) Zot: 26711  Temple (1/1) D:5 Zot: 5771  Bailey (1/1) Zot: 5508

Altars:
Ashenzari
Cheibriados
Dithmenos
Fedhas
Gozag
Hepliaklqana
Kikubaaqudgha
Makhleb
Nemelex Xobeh
Okawaru
Qazlal
Ru
Sif Muna
Uskayaw
Vehumet
Wu Jian
Yredelemnul

Shops:
D:4 ?   D:6 :

Annotations:
D:3 1 runed translucent door, beryleye's ghost, amateur GnIE

...♣.....#..).##..#
...♣).).##..)##...#
...)))♣..##.))...8#
...♣......##....######
....♣......#...##...8#
.♣.........#..##.....!
...♣.......#..#...#
...........#..'..#
#'##.......#..'.@##
#))#####..8#..#..5#
#..'.).###
#8.##.R{..!# ####÷..#
######....## #÷..#
###### #####


You could see the friendly Guulthrep the ancestor and a friendly shadow imp
(summoned).


Message History

You see here a +0 spear.
You see here a +0 spear.
You start waiting.
A gargoyle is nearby!
You swap places.
The gargoyle barely misses you.
You see here a +0 spear.
You barely miss the gargoyle. The gargoyle is struck by your spines.
The gargoyle hits you but does no damage.
Unknown command.
You hit the gargoyle. You headbutt the gargoyle.
Guulthrep hits the gargoyle but does no damage.
Unknown command.
You hit the gargoyle.
The gargoyle hits you but does no damage.
Guulthrep hits the gargoyle but does no damage.
You barely miss the gargoyle. Your headbutt misses the gargoyle.
You punch the gargoyle. The gargoyle is struck by your spines.
The gargoyle hits you with a +0 mace!
A demonic guardian appears!
Guulthrep hits the gargoyle but does no damage.
Unknown command. 😕 HP[-15]
You take 15 damage, and now have 57/72 hp.
MASSIVE DAMAGE!! (PAUSE)
You hit the gargoyle.
You destroy the gargoyle!
You see here a +0 mace.
Unknown command. 😕 HP[+1]
Your iron imp disappears in a puff of smoke!
You open the large door.
A vampire comes into view.
It is wielding a +1 vampiric bardiche. 😎 HP[+14]
Your hp is fully restored (72).
Unknown command.
A vampire is nearby!
There is a large open door here.
The vampire casts a spell at you. You resist with some effort.
The vampire barely misses you.
The vampire hits you with a +1 vampiric bardiche.
The vampire bites you.
The vampire draws strength from your injuries! 😕 HP[-6]
You take 6 damage, and now have 66/72 hp.
You barely miss the vampire.
You punch the vampire, but do no damage.
The vampire is struck by your spines.
The vampire hits you with a +1 vampiric bardiche!
The vampire draws strength from your wounds!
The vampire bites you but does no damage. 😮 HP[-12]
You take 12 damage, and now have 54/72 hp.
Unknown command.
You are too injured to fight recklessly!
You hit the vampire.
The vampire hits you with a +1 vampiric bardiche!
A demonic guardian appears!
The vampire draws strength from your wounds!
The vampire bites you but does no damage. 😮 HP[-11]
You take 11 damage, and now have 43/72 hp.
You hit the vampire. The vampire is struck by your spines.
The vampire misses you. The vampire bites you!
* * * LOW HITPOINT WARNING * * *
The vampire draws strength from your injuries!
Guulthrep hits the vampire but does no damage.
Unknown command. 😨 HP[-7]
You take 7 damage, and now have 36/72 hp.
You hit the vampire but do no damage. You headbutt the vampire.
The vampire casts a spell.
The vampire flickers and vanishes!
Deactivating autopickup; reactivate with Ctrl-A.
Guulthrep completely misses something. 😮 HP[+1] Unknown command.
You miss something. Something hits you!
* * * LOW HITPOINT WARNING * * *
Something bites you.
* * * LOW HITPOINT WARNING * * *
Something draws strength from your injuries!
Guulthrep hits something. 😱 HP[-19]
You take 19 damage, and now have 18/72 hp.
MASSIVE DAMAGE!! (PAUSE)
You miss something. You headbutt something. Something hits you!
* * * LOW HITPOINT WARNING * * *
Something bites you but does no damage.
Guulthrep hits something but does no damage. 😱 HP[-9]
You take 9 damage, and now have 9/72 hp.
Unknown command.
Okay, then.
You swap places.
Something hits you.
* * * LOW HITPOINT WARNING * * *
Guulthrep closely misses something. 😱 HP[-3]
You take 3 damage, and now have 6/72 hp.
You feel better. Something hits you!!
You die...

Skill      XL: |  1  2  3  4  5  6  7  8  9 |
---------------+----------------------------+-----
Fighting       | 3 4 5 6 7 9 11 | 11.4
Axes           | 3 4 5 6 7 |  7.7
Throwing       | |  1.7
Dodging        | |  2.6

Action                   |  1- 3 |  4- 6 |  7- 9 || total
-------------------------+-------+-------+-------++-------
Melee: War axe           |    43 |    46 |       ||    89
       Hand axe          |       |    74 |   161 ||   235
       Punch             |       |     1 |     4 ||     5
       Headbutt          |       |       |    36 ||    36
Invok: Ancestor Identity |       |       |     2 ||     2
       Recall Ancestor   |       |       |     1 ||     1
  Use: Scroll            |     3 |     7 |     2 ||    12
       Potion            |     1 |       |     1 ||     2
 Stab: Sleeping          |     1 |       |       ||     1
       Distracted        |       |       |     2 ||     2
Armor: Leather armour    |    14 |       |       ||    14
       Ring mail         |     7 |    44 |    68 ||   119
Dodge: Dodged            |    24 |    74 |    93 ||   191

Levels and vault maps discovered:
D:1:      lemuel_arrival_behind_the_door_large, layout_basic
D:2:      layout_basic
D:3:      layout_basic, hellmonk_ecumenical_altar_defaced_shrine,
          gammafunk_ghost_grave, interstate_on_off
D:4:      layout_basic, serial_shops, nicolae_diamond_shop
D:5:      layout_rooms, mainiacjoe_overflow_brackets,
          minmay_temple_entry_mini_moons, wad_rectangle_vault,
          uniq_blork_the_orc
D:6:      layout_rooms, serial_shops, nicolae_shop_hallway_plus
D:7:      layout_gridville, enter_bailey_3, gammafunk_ghost_cemetery,
          dk_rats_in_the_wall
Temple:   nicolae_temple_bog_church
Bailey:   bailey_polearm_vampire_castle_hellmonk, bailey

Notes
Turn   | Place    | Note
-------+----------+-------------------------------------------
     0 | D:1      | ytrimaz the Demonspawn Gladiator began the quest for the
                  | Orb.
     0 | D:1      | Reached XP level 1. HP: 16/16 MP: 1/1
     0 | D:1      | magus.rc [v1.9.6]
   118 | D:1      | You pick up a book of the Senses and begin reading...
   118 | D:1      | You add the spells Dazzling Flash, Agony and Silence to
                  | your library.
   123 | D:1      | You pick up a book of Vapours and begin reading...
   123 | D:1      | You add the spells Poisonous Vapours and Cigotuvi's
                  | Dreadful Rot to your library.
   206 | D:1      | Gained mutation: You are resistant to electric shocks.
                  | (rElec) [potion of mutation]
   206 | D:1      | Gained mutation: You are agile. (Dex +4, Str/Int -1)
                  | [potion of mutation]
   378 | D:1      | Gained mutation: You are partially covered in sharp spines.
                  | [demonic ancestry]
   378 | D:1      | Reached XP level 2. HP: 19/23 MP: 2/2
   516 | D:1      | You fall into a shaft and drop 1 floor!
   542 | D:2      | Reached skill level 3 in Fighting
   542 | D:2      | Reached skill level 3 in Axes
   542 | D:2      | Reached XP level 3. HP: 23/29 MP: 3/3
   667 | D:2      | Identified the +5 ring mail of Uxixut {Str+6}
   838 | D:1      | Gained mutation: A weak demonic guardian rushes to your
                  | aid. [demonic ancestry]
   838 | D:1      | Reached XP level 4. HP: 37/37 MP: 4/4
  1441 | D:2      | Reached skill level 4 in Fighting
  2084 | D:3      | Identified the +2 helmet of the Foremost Ears {rCorr}
  2213 | D:3      | Found a runed translucent door.
  2214 | D:3      | Noticed beryleye's ghost (amateur GnIE)
  2345 | D:3      | Reached XP level 5. HP: 37/43 MP: 5/5
  2349 | D:3      | Found a faded altar of an unknown god.
  2660 | D:4      | Noticed a phantom
  2676 | D:4      | Killed a phantom
  2677 | D:4      | Reached skill level 5 in Fighting
  2677 | D:4      | Reached skill level 4 in Axes
  2751 | D:4      | Gained mutation: You are mostly covered in sharp spines.
                  | [demonic ancestry]
  2751 | D:4      | Reached XP level 6. HP: 51/51 MP: 6/6
  2861 | D:4      | Reached skill level 6 in Fighting
  2864 | D:4      | You pick up a book of Weapons and begin reading...
  2864 | D:4      | You add the spells Tukima's Dance, Portal Projectile and
                  | Blade Hands to your library.
  3162 | D:4      | Identified the +7 whip "Myutz" {drain, rPois rC+}
  3260 | D:4      | Found Siemeown's Magic Scroll Shop.
  3268 | D:4      | Bought a scroll of enchant armour for 90 gold pieces
  3281 | D:4      | You pick up a book of Misfortune and begin reading...
  3281 | D:4      | You add the spells Confusing Touch, Yara's Violent
                  | Unravelling and Enfeeble to your library.
  3322 | D:5      | Entered Level 5 of the Dungeon
  3336 | D:5      | Gained mutation: You have a pair of small horns on your
                  | head. [demonic ancestry]
  3336 | D:5      | Reached XP level 7. HP: 59/59 MP: 7/7
  3342 | D:5      | Reached skill level 5 in Axes
  3344 | D:5      | Reached skill level 7 in Fighting
  3604 | D:5      | Noticed Blork the orc
  3611 | D:5      | Killed Blork the orc
  3664 | D:5      | Identified the +0 helmet of Charity {-Tele Fly rC+++ Dex-2}
  3742 | D:5      | Gained mutation: You have a pair of horns on your head.
                  | [demonic ancestry]
  3742 | D:5      | Reached XP level 8. HP: 68/68 MP: 8/8
  3746 | D:5      | Reached skill level 8 in Fighting
  3875 | D:5      | Found a staircase to the Ecumenical Temple.
  4087 | Temple   | Entered the Ecumenical Temple
  4291 | Temple   | Became a worshipper of Hepliaklqana the Forgotten
  4345 | D:6      | Reached skill level 6 in Axes
  4431 | D:6      | Reached skill level 9 in Fighting
  4626 | D:6      | Found Qureytt's Book Shoppe.
  4866 | D:6      | Gained mutation: You are partially covered in yellow
                  | scales. (AC +2) [demonic ancestry]
  4866 | D:6      | Reached XP level 9. HP: 72/78 MP: 9/9
  5105 | D:7      | You add the spells Ignite Poison, Mephitic Cloud and
                  | Freezing Cloud to your library.
  5143 | D:7      | Reached skill level 10 in Fighting
  5165 | D:7      | Reached * piety under Hepliaklqana
  5214 | D:7      | Reached skill level 7 in Axes
  5376 | D:7      | Found a flagged portal.
  5386 | Bailey   | Entered a bailey
  5456 | Bailey   | Identified the +1 acid dragon scales "Juor" {Rampage Fly
                  | rF+ rCorr MP-9}
  5658 | Bailey   | Reached skill level 11 in Fighting
  5788 | Bailey   | Noticed a gargoyle
  5802 | Bailey   | Killed a gargoyle
  5878 | Bailey   | HP: 18/72 [something (3)]
  5880 | Bailey   | HP: 6/72 [something (3)]
  5881 | Bailey   | Mangled by a vampire

Vanquished Creatures
  A gargoyle (Bailey)
  A wraith (D:7)
  A steam dragon (D:7)
  6 ogres
  A centaur (D:6)
  3 phantoms
  Blork the orc (D:5)
  2 bullfrogs (D:6)
  A necrophage (D:5)
  2 scorpions
  5 killer bees (D:6)
  A howler monkey (D:5)
  7 vampire bats (Bailey)
  6 wolf zombies (Bailey)
  5 hounds
  5 iguanas
  4 orc priests (D:5)
  3 orc wizards
  6 adders
  A worm (D:3)
  3 dart slugs
  19 orcs
  5 bats
  5 endoplasms
  7 giant cockroaches
  14 goblins
  8 hobgoblins
  3 jackals (D:1)
  9 kobolds
  5 quokkas
  4 ball pythons
  2 frilled lizards
  16 orc zombies (Bailey)
  9 rats
171 creatures vanquished.

Vanquished Creatures (collateral kills)
  A wolf zombie (Bailey)
  An orc wizard (D:7)
  A goblin (D:7)
  3 orc zombies (Bailey)
6 creatures vanquished.

Grand Total: 177 creatures vanquished

Table legend:
 A = Non-vault XP
 B = Vault XP
 C = Vault XP percentage of total XP
 D = Non-vault monster count
 E = Vault monster count
 F = Vault count percentage of total count
                 A         B        C        D         E       F
            +---------+---------+-------+---------+---------+-------
      Total |    2949 |    1749 |  37.2 |     129 |      48 |  27.1
            +---------+---------+-------+---------+---------+-------
        D:1 |      50 |       0 |   0.0 |      27 |       0 |   0.0
        D:2 |      89 |       0 |   0.0 |      21 |       0 |   0.0
        D:3 |      55 |       9 |  14.1 |      16 |       3 |  15.8
        D:4 |     490 |       0 |   0.0 |      24 |       0 |   0.0
        D:5 |     670 |     444 |  39.9 |      19 |       7 |  26.9
        D:6 |    1017 |       0 |   0.0 |      15 |       0 |   0.0
        D:7 |     578 |       8 |   1.4 |       7 |       4 |  36.4
     Bailey |       0 |    1288 | 100.0 |       0 |      34 | 100.0
            +---------+---------+-------+---------+---------+-------

Illustrated notes

Table legend:
 A = Kills in this place as a percentage of kills in entire the game.
 B = Kills by you in this place as a percentage of kills by you in the entire game.
 C = Kills by friends in this place as a percentage of kills by friends in the entire game.
 D = Other kills in this place as a percentage of other kills in the entire game.
 E = Experience gained in this place as a percentage of experience gained in the entire game.
 F = Experience gained in this place divided by the number of levels of this place that you have seen.
                   A       B       C       D       E      F
               +-------+-------+-------+-------+-------+----------------------
         Total | 100.0 | 100.0 | 100.0 |   N/A | 100.0 | 522.0
       Dungeon |  80.8 |  82.5 |  33.3 |   N/A |  72.6 | 487.1
        Bailey |  19.2 |  17.5 |  66.7 |   N/A |  27.4 | 1288.0
               +-------+-------+-------+-------+-------+----------------------

Table legend: (Time is in decaauts)
 A = Elapsed time spent in this place.
 B = Non-inter-level travel time spent in this place.
 C = Inter-level travel time spent in this place.
 D = Time resting spent in this place.
 E = Time spent auto-exploring this place.
 F = Levels seen in this place.
 G = Mean time per level.
                   A        B        C        D        E       F      G
               +--------+--------+--------+--------+--------+-----+--------+
         Total |   5916 |   5678 |    238 |    120 |   4476 |   9 |  657.3 |
       Dungeon |   5197 |   5000 |    197 |    115 |   3986 |   7 |  742.4 |
        Temple |    229 |    188 |     41 |      0 |    163 |   1 |  229.0 |
        Bailey |    490 |    490 |      0 |      5 |    327 |   1 |  490.0 |
               +--------+--------+--------+--------+--------+-----+--------+

Top non-repeatable levels by time:
     D:1: 1004 daAuts
     D:2: 939 daAuts
     D:4: 848 daAuts
     D:6: 755 daAuts
     D:3: 682 daAuts
     D:5: 679 daAuts
  Bailey: 490 daAuts
     D:7: 288 daAuts
  Temple: 229 daAuts
